 Dungeon Crawl Stone Soup version 0.29.1-12-g30fa7ad0bf (webtiles) character file.

Game seed: 13812173743022118982

714 CaptainMV the Stinger (level 7, -5/56 HPs)
             Began as a White Draconian Venom Mage on Dec 12, 2022.
             Was an Initiate of Nemelex Xobeh.
             Slain by a gnoll
             ... wielding a +0 halberd
             ... led by a gnoll bouda
              (12 damage)
             ... on level 5 of the Dungeon.
             The game lasted 00:33:22 (4143 turns).

CaptainMV the Stinger (White Draconian Venom Mage)  Turns: 4143, Time: 00:33:23

Health: -5/56      AC:  6    Str: 10      XL:     7   Next: 41%
Magic:  4/4        EV: 12    Int: 17 (18) God:    Nemelex Xobeh [......]
Gold:   238        SH:  0    Dex: 11      Spells: 11/12 levels left

rFire   . . .      SeeInvis .   w - +6 falchion of True Grit {antimagic, Fly Will+}
rCold   + . .      Faith    .   (no shield)
rNeg    . . .      Spirit   .   (body armour unavailable)
rPois   .          Reflect  .   (helmet restricted)
rElec   +          Harm     .   (no cloak)
rCorr   .          Rampage  .   (no gloves)
Will    +....                   (no boots)
Stlth   ++........              (no amulet)
HPRegen 0.18/turn               (no ring)
MPRegen 0.09/turn               (no ring)

@: flying
A: breathe frost, AC +6, unfitting armour, cold resistance 1, cold-blooded,
stinger 1, electricity resistance
a: Breathe Frost, Renounce Religion, Draw Escape, Draw Destruction, Draw
Summoning


You were on level 5 of the Dungeon.
You worshipped Nemelex Xobeh.
Nemelex Xobeh was noncommittal.
You visited 1 branch of the dungeon, and saw 5 of its levels.

You collected 238 gold pieces.

Inventory:

Hand Weapons
 d - a +0 dagger
 e - a +0 short sword
 p - a +2 hand axe of electrocution
 u - a +2 whip of venom
 w - the +6 falchion of True Grit (weapon) {antimagic, Fly Will+}
   (You found it on level 5 of the Dungeon)

   It reduces the magical energy of the wielder, and disrupts the spells and
   magical abilities of those it strikes.
   Natural abilities and divine invocations are not affected.
   Fly:       It grants you flight.
   Will:      It increases your willpower.
Missiles
 v - a boomerang (quivered)
Jewellery
 h - an amulet of faith
Wands
 j - a wand of acid (4)
Scrolls
 c - a scroll of fear {unknown}
 f - a scroll of noise
 i - 2 scrolls of teleportation
 k - a scroll of fog {unknown}
 l - a scroll of blinking
 n - a scroll of enchant weapon {unknown}
 s - a scroll of magic mapping {unknown}
 t - a scroll of amnesia {unknown}
 x - 2 scrolls of identify
Potions
 a - a potion of magic
 b - 2 potions of heal wounds
 g - 2 potions of mutation
 m - a potion of degeneration
 o - a potion of lignification {unknown}
 q - a potion of haste {unknown}
 r - 2 potions of attraction {unknown}


   Skills:
 + Level 2.9 Fighting
 + Level 2.1 Short Blades
 + Level 0.2(1.2) Long Blades
 + Level 3.1 Axes
 + Level 3.3 Dodging
 + Level 2.7 Stealth
 + Level 0.4 Unarmed Combat
 + Level 3.4 Spellcasting
 + Level 2.2 Transmutations
 + Level 4.2 Poison Magic


You had 11 spell levels left.
You knew the following spells:

 Your Spells              Type           Power      Damage    Failure   Level
a - Sting                 Tmut/Pois      56%        1d5       4%          1

Your spell library contained the following spells:

 Spells                   Type           Power      Damage    Failure   Level
 Poisonous Vapours        Pois/Air       20%        N/A       11%         2
 Blink                    Tloc           4%         N/A       26%         2
 Mephitic Cloud           Conj/Pois/Air  7%         N/A       28%         3
 Olgreb's Toxic Radiance  Pois           17%        N/A       28%         4
 Lesser Beckoning         Tloc           2%         N/A       45%         3
 Manifold Assault         Tloc           2%         N/A       99%         5


Dungeon Overview and Level Annotations

Branches:
Dungeon (5/15)
 Temple: D:4-7

Altars:
Nemelex Xobeh


Innate Abilities, Weirdness & Mutations

You can breathe waves of freezing cold which knock back foes.
Your icy white scales are hard. (AC +6)
You cannot fit into any form of body armour.
Your flesh is cold resistant. (rC+)
You are cold-blooded and may be slowed by cold attacks.
Your tail ends in a venomous barb.
You are resistant to electric shocks. (rElec)


Message History

A gnoll bouda comes into view. It is wielding a +0 club.
You barely miss the gnoll. The gnoll closely misses you. x2
You slash the gnoll!
The gnoll is heavily wounded.
The gnoll misses you. The gnoll closely misses you.
A gnoll comes into view. It is wielding a +0 halberd.
The gnoll bouda barks out a call to the hunt!
The gnolls pick up the pace!
The gnoll hits you but does no damage.
The gnoll shouts!
You slash the gnoll!
You kill the gnoll!
The gnoll hits you from afar with a +0 halberd.
The gnoll bouda misses you.
You hit the gnoll bouda.
The gnoll bouda is moderately wounded.
The gnoll hits you from afar with a +0 halberd.
The gnoll bouda barely misses you.
You hit the gnoll bouda.
The gnoll bouda is heavily wounded.
The gnoll hits you from afar with a +0 halberd!
The gnoll bouda hits you with a +0 club.
The gnoll hits you from afar with a +0 halberd.
You slash the gnoll bouda!
The gnoll bouda is almost dead.
The gnoll bouda hits you with a +0 club!
* * * LOW HITPOINT WARNING * * *
The gnoll closely misses you.
The gnoll bouda hits you but does no damage.
You hit the gnoll bouda.
You kill the gnoll bouda!
The gnoll closely misses you. The gnoll closely misses you. x2
Things that are here:
a +0 club; a +0 robe You closely miss the gnoll.
The gnoll hits you with a +0 halberd.
* * * LOW HITPOINT WARNING * * *
The gnoll hits you from afar with a +0 halberd!
You die...
Your body disappears without a glow.

#.'..≈.≈...'..........##
#.'...§§§..'....##.#..#
#...#..≈.§≈..#..#.#
>..##
######......##....# #.#
##....##..##... .#
##')##..###.... #
#......# #.... #)..#..#
.....# #......#@##..#
..######g# #... g.. ...
###.. .. ##. .. .. ..


You could see 2 gnolls.

Vanquished Creatures
  2 ogres
  2 scorpions
  Blork the orc (D:5)
  A hound (D:5)
  A jelly (D:4)
  A gnoll bouda (D:5)
  An orc priest (D:3)
  An iguana (D:4)
  2 orc wizards
  2 gnolls (D:5)
  3 adders
  A worm (D:2)
  A dart slug (D:5)
  19 orcs
  7 ball pythons
  7 endoplasms
  2 giant cockroaches
  12 goblins
  8 hobgoblins
  5 jackals
  3 quokkas
  10 bats
  2 frilled lizards
  10 kobolds
  7 rats
111 creatures vanquished.

Vanquished Creatures (others)
  3 withered plants (D:3)
3 creatures vanquished.

Grand Total: 114 creatures vanquished

Notes
Turn   | Place    | Note
-------+----------+-------------------------------------------
     0 | D:1      | CaptainMV the Draconian Venom Mage began the quest for the
                  | Orb.
     0 | D:1      | Reached XP level 1. HP: 14/14 MP: 3/3
   400 | D:1      | Reached XP level 2. HP: 20/20 MP: 3/5
   566 | D:1      | HP: 1/20 [kobold/+0 short sword (1)]
   977 | D:1      | Reached XP level 3. HP: 12/26 MP: 6/6
  1270 | D:2      | Gained mutation: You are resistant to electric shocks.
                  | (rElec) [potion of mutation]
  1270 | D:2      | Gained mutation: Your tail ends in a venomous barb. [potion
                  | of mutation]
  1528 | D:2      | Reached XP level 4. HP: 31/34 MP: 5/7
  1540 | D:2      | Reached skill level 1 in Short Blades
  2174 | D:3      | Reached skill level 1 in Fighting
  2209 | D:3      | Found a faded altar of an unknown god.
  2451 | D:3      | Reached XP level 5. HP: 40/40 MP: 7/9
  3083 | D:4      | Reached skill level 1 in Axes
  3083 | D:4      | Reached XP level 6. HP: 41/47 MP: 8/10
  3310 | D:4      | Found a sparkling altar of Nemelex Xobeh.
  3314 | D:4      | Became a worshipper of Nemelex Xobeh the Trickster
  3440 | D:4      | Reached skill level 4 in Poison Magic
  3781 | D:5      | Entered Level 5 of the Dungeon
  3805 | D:5      | Your scales start taking on an icy white colour.
  3805 | D:5      | Reached XP level 7. HP: 46/56 MP: 11/11
  3805 | D:5      | Gained mutation: Your flesh is cold resistant. (rC+) [White
                  | Draconian growth]
  3812 | D:5      | Identified the +6 falchion of True Grit {antimagic, Fly
                  | Will+}
  3819 | D:5      | Noticed Blork the orc
  3835 | D:5      | Killed Blork the orc
  4143 | D:5      | Slain by a gnoll

Illustrated notes

Levels and vault maps discovered:
D:1:      amcnicky_arrival_wind_blow, layout_basic, minmay_surrounded
D:2:      kennysheep_six_static_rooms, layout_basic
D:3:      layout_rooms, ebering_ecumenical_altar_petrified,
          minmay_pentomino_pile
D:4:      layout_gridville, nemelex_diamond_rough_becter,
          kennysheep_generic_room_9
D:5:      layout_rooms, amethyst_overflow_temple_binary, portal_sewer_entry_a,
          minmay_crystal_room, minmay_misc_feat_encased,
          kennysheep_generic_room_3, uniq_ijyb, uniq_blork_the_orc

Skill      XL: |  1  2  3  4  5  6  7 |
---------------+----------------------+-----
Dodging        | 2 3 |  3.3
Stealth        | 2 |  2.7
Short Blades   | 1 2 |  2.1
Fighting       | 1 2 |  2.9
Axes           | 1 2 3 |  3.1
Spellcasting   | 3 |  3.4
Poison Magic   | 4 |  4.2
Transmutations | 2 |  2.2
Long Blades    | |  0.2
Unarmed Combat | |  0.4

Action                   |  1- 3 |  4- 6 |  7- 9 || total
-------------------------+-------+-------+-------++-------
Melee: Unarmed           |    13 |       |       ||    13
       Tailslap          |    17 |    16 |     2 ||    35
       Dagger            |    20 |       |       ||    20
       Short sword       |   101 |   103 |       ||   204
       Punch             |     2 |     3 |     1 ||     6
       Hand axe          |       |   114 |       ||   114
       Falchion          |       |       |    22 ||    22
 Cast: Sting             |    24 |    28 |     3 ||    55
 Abil: Breathe Frost     |       |       |     1 ||     1
  Use: Potion            |     3 |     2 |       ||     5
       Scroll            |       |     5 |       ||     5
 Stab: Sleeping          |     5 |     1 |       ||     6
Armor: Skin              |    54 |    59 |     8 ||   121
Dodge: Dodged            |    86 |   148 |    25 ||   259
